| TOP OF THE 1ST |
|
Quad Cities River Bandits batting - Pitching for Lexington Legends : RHP Tony Jimenez
|
|
Pitching: RHP Tony Jimenez
|
|
|
Batting: RHB Justin Olmstead
|
0-0: Ball 1-0: Ball 2-0: Ball 3-0: Base on Balls
|
|
Batting: RHB Nick Deegan
|
0-0: Ball 1-0: DOUBLE (Line Drive, 89D, EV 100.0 MPH) Justin Olmstead to third Runner from 3rd tries for Home, SAFE, throw by CF to trailing runner, SAFE at third!
|
|
Batting: LHB Josh Birkner
|
0-0: Ball 1-0: Ball 2-0: Foul Ball, location: 2F 2-1: Foul Ball, location: 2F 2-2: Ball 3-2: Foul Ball, location: 2F 3-2: Foul Ball, location: 2F 3-2: Base on Balls
|
|
Batting: RHB Juan Mendoza
|
0-0: 3-RUN HOME RUN (Flyball, 9LD, EV 90.0 MPH), Distance : 334 ft
|
|
Batting: RHB Ryan Salas
|
0-0: Swinging Strike 0-1: Swinging Strike 0-2: Ball 1-2: Ball 2-2: Ball 3-2: Foul Ball, location: 2F 3-2: Base on Balls
|
|
Batting: LHB Danny Wolver
|
0-0: Ball 1-0: SINGLE (Flyball, 7S, EV 88.8 MPH) Ryan Salas to second
|
|
Pitching: RHP Howie Seidler
|
|
|
Batting: RHB Kieron Clark
|
0-0: Ball 1-0: Ball 2-0: Swinging Strike 2-1: Swinging Strike 2-2: Strikes out swinging
|
|
Batting: RHB Bobby Dunn
|
0-0: Foul Ball, location: 2F 0-1: Ball Wild Pitch! Ryan Salas to third Danny Wolver to second 1-1: Foul Ball, location: 2F 1-2: Foul Ball, location: 2F 1-2: Strikes out swinging
|
|
Batting: SHB Salvador Gomez
|
0-0: Ball 1-0: Called Strike 1-1: DOUBLE (Line Drive, 7LS, EV 92.5 MPH) Ryan Salas scores Danny Wolver scores
|
|
Batting: RHB Justin Olmstead
|
0-0: Called Strike 0-1: Swinging Strike 0-2: Hit by Pitch
|
|
Batting: RHB Nick Deegan
|
0-0: Swinging Strike 0-1: Called Strike 0-2: SINGLE (Line Drive, 78S, EV 109.4 MPH) Salvador Gomez to third Justin Olmstead to second
|
|
Pitching: LHP Tyler Abraham
|
|
|
Batting: LHB Josh Birkner
|
0-0: Ball 1-0: Ball 2-0: Foul Ball, location: 2F 2-1: Ground out U3 (Groundball, 34S, EV 85.0 MPH)
|
| Top of the 1st over - 6 runs, 5 hits, 0 errors, 3 left on base; Quad Cities 6 - Lexington 0 |
| BOTTOM OF THE 1ST |
|
Lexington Legends batting - Pitching for Quad Cities River Bandits : RHP Scott Spillman
|
|
Pitching: RHP Scott Spillman
|
|
|
Batting: RHB Doug Carter
|
0-0: SINGLE (Groundball, P, EV 86.9 MPH) (infield hit)
|
|
Batting: SHB Ryoji Hiraoka
|
0-0: Ball Doug Carter steals 2nd base (no throw) 1-0: Called Strike 1-1: Foul Ball, location: 2F 1-2: Strikes out looking
|
|
Batting: RHB Andy Urquhart
|
0-0: Ball 1-0: Called Strike 1-1: Foul Ball, location: 2F 1-2: Ball 2-2: Foul Ball, location: 2F Balk! Doug Carter to third 2-2: Strikes out swinging
|
|
Batting: RHB Pete Deschamps
|
0-0: Swinging Strike 0-1: Called Strike 0-2: Ball 1-2: Ball 2-2: Ball 3-2: Foul Ball, location: 2F 3-2: Strikes out looking
|
| Bottom of the 1st over - 0 runs, 1 hit, 0 errors, 1 left on base; Quad Cities 6 - Lexington 0 |
| TOP OF THE 2ND |
|
Quad Cities River Bandits batting - Pitching for Lexington Legends : LHP Tyler Abraham
|
|
Batting: RHB Juan Mendoza
|
0-0: Ball 1-0: Foul Ball, location: 2F 1-1: Ball 2-1: Ball 3-1: Foul Ball, location: 2F 3-2: Foul Ball, location: 2F 3-2: Foul Ball, location: 2F 3-2: Base on Balls
|
|
Batting: RHB Ryan Salas
|
0-0: Foul Ball, location: 2F 0-1: Called Strike 0-2: Ball 1-2: Ball 2-2: Grounds into double play, 4-6-3 (Groundball, 4, EV 87.5 MPH)
|
|
Batting: LHB Danny Wolver
|
0-0: SINGLE (Groundball, 6S, EV 67.5 MPH) (infield hit)
|
|
Pitching: LHP Hyoji Kawabata
|
|
|
Batting: RHB Kieron Clark
|
0-0: Foul Ball, location: 2F 0-1: Called Strike 0-2: Strikes out swinging
|
| Top of the 2nd over - 0 runs, 1 hit, 0 errors, 1 left on base; Quad Cities 6 - Lexington 0 |
| BOTTOM OF THE 2ND |
|
Lexington Legends batting - Pitching for Quad Cities River Bandits : RHP Scott Spillman
|
|
Batting: LHB Robert Wilkins
|
0-0: Ground out 6-3 (Groundball, 6, EV 86.2 MPH)
|
|
Batting: RHB Nate De Jongh
|
0-0: Called Strike 0-1: Fly out, F9 (Flyball, 9, EV 95.6 MPH)
|
|
Batting: LHB David Bearden
|
0-0: Swinging Strike 0-1: Ball 1-1: Foul Ball, location: 2F 1-2: Ball 2-2: SINGLE (Groundball, 34D, EV 101.9 MPH)
|
|
Batting: RHB Kunimatsu Oya
|
0-0: Ball 1-0: Called Strike 1-1: Foul Ball, location: 2F 1-2: Strikes out looking
|
| Bottom of the 2nd over - 0 runs, 1 hit, 0 errors, 1 left on base; Quad Cities 6 - Lexington 0 |
| TOP OF THE 3RD |
|
Quad Cities River Bandits batting - Pitching for Lexington Legends : LHP Hyoji Kawabata
|
|
Batting: RHB Bobby Dunn
|
0-0: Foul Ball, location: 2F 0-1: Ball 1-1: Ball 2-1: Foul Ball, location: 2F 2-2: Strikes out looking
|
|
Batting: SHB Salvador Gomez
|
0-0: Ball 1-0: Foul Ball, location: 2F 1-1: Ball 2-1: Foul Ball, location: 2F 2-2: Strikes out looking
|
|
Batting: RHB Justin Olmstead
|
0-0: Ball 1-0: DOUBLE (Line Drive, 3D, EV 101.2 MPH)
|
|
Batting: RHB Nick Deegan
|
0-0: Foul Ball, location: 2F 0-1: SINGLE (Groundball, 6MS, EV 69.4 MPH) (infield hit) Justin Olmstead to third
|
|
Batting: LHB Josh Birkner
|
0-0: Ball 1-0: Called Strike 1-1: Ball 2-1: Foul Ball, location: 2F 2-2: Foul Ball, location: 2F 2-2: Strikes out swinging
|
| Top of the 3rd over - 0 runs, 2 hits, 0 errors, 2 left on base; Quad Cities 6 - Lexington 0 |
| BOTTOM OF THE 3RD |
|
Lexington Legends batting - Pitching for Quad Cities River Bandits : RHP Scott Spillman
|
|
Batting: RHB Eric Erickson
|
0-0: Ball 1-0: Ball 2-0: Called Strike 2-1: Foul Ball, location: 2F 2-2: Ball 3-2: Strikes out looking
|
|
Batting: RHB Doug Carter
|
0-0: Ground out 4-3 (Groundball, 34, EV 106.9 MPH)
|
|
Batting: SHB Ryoji Hiraoka
|
0-0: Called Strike 0-1: Ball 1-1: Foul Ball, location: 2F 1-2: Strikes out swinging
|
| Bottom of the 3rd over - 0 runs, 0 hits, 0 errors, 0 left on base; Quad Cities 6 - Lexington 0 |
| TOP OF THE 4TH |
|
Quad Cities River Bandits batting - Pitching for Lexington Legends : LHP Hyoji Kawabata
|
|
Pitching: RHP Junsuke Abe
|
|
|
Batting: RHB Juan Mendoza
|
0-0: Called Strike 0-1: Ball 1-1: Called Strike 1-2: Foul Ball, location: 2F 1-2: Ground out 4-3 (Groundball, 34, EV 84.4 MPH)
|
|
Batting: RHB Ryan Salas
|
0-0: Ball 1-0: Ball 2-0: Ball 3-0: Base on Balls
|
|
Batting: LHB Danny Wolver
|
0-0: SINGLE (Line Drive, 56, EV 93.8 MPH) Ryan Salas to second
|
|
Batting: RHB Kieron Clark
|
0-0: Called Strike 0-1: Ball 1-1: Ball 2-1: Ball 3-1: Fly out, F4 (Popup, 34S, EV 83.1 MPH)
|
|
Batting: RHB Bobby Dunn
|
0-0: Fly out, F9 (Flyball, 89S, EV 90.0 MPH)
|
| Top of the 4th over - 0 runs, 1 hit, 0 errors, 2 left on base; Quad Cities 6 - Lexington 0 |
| BOTTOM OF THE 4TH |
|
Lexington Legends batting - Pitching for Quad Cities River Bandits : RHP Scott Spillman
|
|
Batting: RHB Andy Urquhart
|
0-0: Called Strike 0-1: Foul Ball, location: 2F 0-2: Ball 1-2: Fly out, F7 (Flyball, 7LM, EV 90.0 MPH)
|
|
Batting: RHB Pete Deschamps
|
0-0: Called Strike 0-1: Swinging Strike 0-2: Hit by Pitch
|
|
Batting: LHB Robert Wilkins
|
0-0: Ball 1-0: Swinging Strike 1-1: Ball 2-1: Foul Ball, location: 2F 2-2: Ball 3-2: Strikes out looking
|
|
Batting: RHB Nate De Jongh
|
0-0: Ball 1-0: Ball 2-0: Foul Ball, location: 2F 2-1: Ball 3-1: Swinging Strike 3-2: Base on Balls Pete Deschamps to second
|
|
Batting: LHB David Bearden
|
0-0: Called Strike 0-1: Ball 1-1: Ball 2-1: Foul Ball, location: 2F 2-2: Foul Ball, location: 2F 2-2: TRIPLE (Flyball, 78XD, EV 108.1 MPH) Pete Deschamps scores Nate De Jongh scores
|
|
Batting: RHB Kunimatsu Oya
|
0-0: Called Strike 0-1: Foul Ball, location: 2F 0-2: Ball 1-2: Foul Ball, location: 2F 1-2: Ball 2-2: Strikes out looking
|
| Bottom of the 4th over - 2 runs, 1 hit, 0 errors, 1 left on base; Quad Cities 6 - Lexington 2 |
| TOP OF THE 5TH |
|
Quad Cities River Bandits batting - Pitching for Lexington Legends : RHP Junsuke Abe
|
|
Batting: SHB Salvador Gomez
|
0-0: Called Strike 0-1: Ball 1-1: Ball 2-1: Ball 3-1: Swinging Strike 3-2: Foul Ball, location: 2F 3-2: Base on Balls
|
|
Pitching: RHP Rich Frontczak
|
|
|
Batting: RHB Justin Olmstead
|
0-0: Called Strike 0-1: Called Strike 0-2: Foul Ball, location: 2F 0-2: Fielders Choice at 2nd, 6-4 (Groundball, 6, EV 105.0 MPH)
|
|
Batting: RHB Nick Deegan
|
0-0: Ball 1-0: Ball 2-0: Ball 3-0: Called Strike 3-1: Base on Balls Justin Olmstead to second
|
|
Batting: LHB Josh Birkner
|
0-0: Ball 1-0: Ball 2-0: Called Strike 2-1: Ball 3-1: Foul Ball, location: 2F 3-2: Base on Balls Justin Olmstead to third Nick Deegan to second
|
|
Batting: RHB Juan Mendoza
|
0-0: Ball 1-0: Ball 2-0: Ball 3-0: Called Strike 3-1: Base on Balls Justin Olmstead scores Nick Deegan to third Josh Birkner to second
|
|
Pitching: RHP Franklin Salazar
|
|
|
Batting: RHB Ryan Salas
|
0-0: Fielders Choice at 2nd, 3-6 (Groundball, 34, EV 102.5 MPH) Nick Deegan scores Josh Birkner to third
|
|
Batting: LHB Danny Wolver
|
0-0: Called Strike 0-1: Foul Ball, location: 2F 0-2: Ball 1-2: Foul Ball, location: 2F 1-2: Foul Ball, location: 2F 1-2: Foul Ball, location: 2F 1-2: Strikes out looking
|
| Top of the 5th over - 2 runs, 0 hits, 0 errors, 2 left on base; Quad Cities 8 - Lexington 2 |
| BOTTOM OF THE 5TH |
|
Lexington Legends batting - Pitching for Quad Cities River Bandits : RHP Scott Spillman
|
|
Batting: RHB Eric Erickson
|
0-0: Ball 1-0: Ball 2-0: Ball 3-0: Base on Balls
|
|
Batting: RHB Doug Carter
|
0-0: Ball 1-0: Ball 2-0: Ball 3-0: Called Strike 3-1: Swinging Strike 3-2: Foul Ball, location: 2F Balk! Eric Erickson to second 3-2: Strikes out looking
|
|
Pitching: RHP Manny Bonilla
|
|
|
Batting: SHB Ryoji Hiraoka
|
0-0: Ball 1-0: Called Strike 1-1: Called Strike 1-2: Foul Ball, location: 2F 1-2: Strikes out swinging
|
|
Batting: RHB Andy Urquhart
|
0-0: Ball 1-0: Ball 2-0: Ball 3-0: Base on Balls
|
|
Batting: RHB Pete Deschamps
|
0-0: Called Strike 0-1: SINGLE (Line Drive, 6D, EV 96.2 MPH) Eric Erickson to third Andy Urquhart to second Runner from 3rd tries for Home, throw by CF and OUT! 8-2
|
| Bottom of the 5th over - 0 runs, 1 hit, 0 errors, 2 left on base; Quad Cities 8 - Lexington 2 |
| TOP OF THE 6TH |
|
Quad Cities River Bandits batting - Pitching for Lexington Legends : RHP Franklin Salazar
|
|
Batting: RHB Kieron Clark
|
0-0: Ball 1-0: Ball 2-0: Foul Ball, location: 2F 2-1: Ball 3-1: Base on Balls
|
|
Batting: RHB Bobby Dunn
|
0-0: Ball 1-0: Foul Ball, location: 2F 1-1: Grounds into double play, 5-4-3 (Groundball, 5, EV 86.2 MPH)
|
|
Batting: SHB Salvador Gomez
|
0-0: Called Strike 0-1: Foul Ball, location: 2F 0-2: Ball 1-2: Ball 2-2: Ball 3-2: SINGLE (Line Drive, 7S, EV 101.9 MPH)
|
|
Pitching: RHP Michiyo Takayama
|
|
|
Batting: RHB Justin Olmstead
|
0-0: Foul Ball, location: 2F 0-1: Ball Passed Ball! Salvador Gomez to second 1-1: Ground out 6-3 (Groundball, 6, EV 103.1 MPH)
|
| Top of the 6th over - 0 runs, 1 hit, 0 errors, 1 left on base; Quad Cities 8 - Lexington 2 |
| BOTTOM OF THE 6TH |
|
Lexington Legends batting - Pitching for Quad Cities River Bandits : RHP Manny Bonilla
|
|
Batting: LHB Robert Wilkins
|
0-0: Ball 1-0: Called Strike 1-1: Ball 2-1: Ball 3-1: Base on Balls
|
|
Batting: RHB Nate De Jongh
|
0-0: Ball 1-0: Ball 2-0: Fielders Choice at 2nd, 4-6 (Groundball, 4, EV 85.0 MPH)
|
|
Pitching: RHP Chris Miles
|
|
|
Batting: LHB David Bearden
|
0-0: Swinging Strike 0-1: Ball 1-1: Fielders Choice at 2nd, 6-4 (Groundball, 6M, EV 98.1 MPH)
|
|
Batting: RHB Kunimatsu Oya
|
0-0: Ball 1-0: SINGLE (Groundball, 6M, EV 103.1 MPH) (infield hit) David Bearden to second
|
|
Batting: RHB Eric Erickson
|
0-0: Swinging Strike 0-1: Ball 1-1: Ball Wild Pitch! David Bearden to third Kunimatsu Oya to second 2-1: Foul Ball, location: 2F 2-2: Foul Ball, location: 2F 2-2: Ball 3-2: Base on Balls
|
|
Batting: RHB Doug Carter
|
0-0: Called Strike 0-1: Ball 1-1: Swinging Strike 1-2: Foul Ball, location: 2F 1-2: Ball 2-2: Foul Ball, location: 2F 2-2: Foul Ball, location: 2F 2-2: Strikes out looking
|
| Bottom of the 6th over - 0 runs, 1 hit, 0 errors, 3 left on base; Quad Cities 8 - Lexington 2 |
| TOP OF THE 7TH |
|
Quad Cities River Bandits batting - Pitching for Lexington Legends : RHP Michiyo Takayama
|
|
Batting: RHB Nick Deegan
|
0-0: Called Strike 0-1: Foul Ball, location: 2F 0-2: Fly out, F3 (Popup, 3S, EV 80.0 MPH)
|
|
Batting: LHB Josh Birkner
|
0-0: Swinging Strike 0-1: SINGLE (Line Drive, 3D, EV 98.1 MPH)
|
|
Batting: RHB Juan Mendoza
|
0-0: Ball 1-0: SINGLE (Flyball, 8LS, EV 96.2 MPH) Josh Birkner to second
|
|
Batting: RHB Ryan Salas
|
0-0: Called Strike 0-1: Called Strike 0-2: SINGLE (Groundball, 4MD, EV 94.4 MPH) Josh Birkner to third Juan Mendoza to second Runner from 3rd tries for Home, SAFE, throw by CF to home
|
|
Batting: LHB Danny Wolver
|
0-0: Ball 1-0: SINGLE (Groundball, 15S, EV 69.4 MPH) (infield hit) Juan Mendoza to third Ryan Salas to second
|
|
Pinch Runner at 1st Jordan Williams:
|
|
|
Batting: RHB Kieron Clark
|
0-0: Ball 1-0: Ball 2-0: Ball 3-0: Base on Balls Juan Mendoza scores Ryan Salas to third Jordan Williams to second
|
|
Batting: RHB Bobby Dunn
|
0-0: Ball 1-0: Ball 2-0: Ball 3-0: Called Strike 3-1: Base on Balls Ryan Salas scores Jordan Williams to third Kieron Clark to second
|
|
Batting: SHB Salvador Gomez
|
0-0: SINGLE (Groundball, 4MD, EV 109.4 MPH) Jordan Williams scores Kieron Clark to third Bobby Dunn to second Runner from 3rd tries for Home, SAFE, throw by CF to home
|
|
Pitching: RHP Ben Garrett
|
|
|
Batting: RHB Justin Olmstead
|
0-0: Hit by Pitch Bobby Dunn to third Salvador Gomez to second
|
|
Batting: RHB Nick Deegan
|
0-0: Ball Passed Ball! Bobby Dunn scores Salvador Gomez to third Justin Olmstead to second 1-0: Fly out, F9 (Line Drive, 9, EV 106.2 MPH)
|
|
Batting: LHB Josh Birkner
|
0-0: Ball 1-0: Ball 2-0: Called Strike 2-1: Ball 3-1: Base on Balls
|
|
Batting: RHB Juan Mendoza
|
0-0: Ball 1-0: Ball 2-0: Ball 3-0: Base on Balls Salvador Gomez scores Justin Olmstead to third Josh Birkner to second
|
|
Batting: RHB Ryan Salas
|
0-0: Ball 1-0: Ball Wild Pitch! Justin Olmstead scores Josh Birkner to third Juan Mendoza to second 2-0: Ground out 6-3 (Groundball, 6, EV 108.8 MPH)
|
| Top of the 7th over - 8 runs, 5 hits, 0 errors, 2 left on base; Quad Cities 16 - Lexington 2 |
| BOTTOM OF THE 7TH |
|
Lexington Legends batting - Pitching for Quad Cities River Bandits : RHP Chris Miles
|
|
Pitching: RHP Robin Yelland
|
|
|
Now in RF: Jordan Williams
|
|
|
Batting: SHB Ryoji Hiraoka
|
0-0: Ball 1-0: Foul Ball, location: 2F 1-1: Called Strike 1-2: Ball 2-2: Strikes out swinging
|
|
Batting: RHB Andy Urquhart
|
0-0: Swinging Strike 0-1: Swinging Strike 0-2: Strikes out looking
|
|
Batting: RHB Pete Deschamps
|
0-0: Ball 1-0: Ball 2-0: Ball 3-0: Called Strike 3-1: Foul Ball, location: 2F 3-2: Strikes out looking
|
| Bottom of the 7th over - 0 runs, 0 hits, 0 errors, 0 left on base; Quad Cities 16 - Lexington 2 |
| TOP OF THE 8TH |
|
Quad Cities River Bandits batting - Pitching for Lexington Legends : RHP Ben Garrett
|
|
Batting: RHB Jordan Williams
|
0-0: Ball 1-0: Foul Ball, location: 2F 1-1: Ball 2-1: Ball 3-1: Foul Ball, location: 2F 3-2: Base on Balls
|
|
Batting: RHB Kieron Clark
|
0-0: Ball 1-0: Grounds into double play, 5-4-3 (Groundball, 56, EV 109.4 MPH)
|
|
Batting: RHB Bobby Dunn
|
0-0: Swinging Strike 0-1: Called Strike 0-2: Ball 1-2: Ball 2-2: Ball 3-2: Foul Ball, location: 2F 3-2: TRIPLE (Line Drive, 89XD, EV 105.6 MPH)
|
|
Batting: SHB Salvador Gomez
|
0-0: Ball 1-0: Ball 2-0: Ball 3-0: Base on Balls
|
|
Batting: RHB Justin Olmstead
|
0-0: SINGLE (Groundball, 3D, EV 103.1 MPH) Bobby Dunn scores Salvador Gomez to second Runner from 2nd tries for 3rd, SAFE, throw by RF made to third
|
|
Batting: RHB Nick Deegan
|
0-0: Ball 1-0: Ball 2-0: Ball 3-0: Base on Balls Justin Olmstead to second
|
|
Batting: LHB Josh Birkner
|
0-0: Ball 1-0: Ball 2-0: Ball 3-0: Called Strike 3-1: Base on Balls Salvador Gomez scores Justin Olmstead to third Nick Deegan to second
|
|
Batting: RHB Juan Mendoza
|
0-0: Ball 1-0: Called Strike 1-1: Foul Ball, location: 2F 1-2: Ground out 6-3 (Groundball, P, EV 86.9 MPH)
|
| Top of the 8th over - 2 runs, 2 hits, 0 errors, 3 left on base; Quad Cities 18 - Lexington 2 |
| BOTTOM OF THE 8TH |
|
Lexington Legends batting - Pitching for Quad Cities River Bandits : RHP Robin Yelland
|
|
Batting: LHB Robert Wilkins
|
0-0: Ball 1-0: Swinging Strike 1-1: Called Strike 1-2: Strikes out swinging
|
|
Batting: RHB Nate De Jongh
|
0-0: Called Strike 0-1: Ball 1-1: Swinging Strike 1-2: Strikes out looking
|
|
Batting: LHB David Bearden
|
0-0: SINGLE (Groundball, 6MD, EV 105.0 MPH)
|
|
Batting: RHB Kunimatsu Oya
|
0-0: Foul Ball, location: 2F 0-1: Swinging Strike 0-2: Foul Ball, location: 2F 0-2: Ball 1-2: Strikes out looking
|
| Bottom of the 8th over - 0 runs, 1 hit, 0 errors, 1 left on base; Quad Cities 18 - Lexington 2 |
| TOP OF THE 9TH |
|
Quad Cities River Bandits batting - Pitching for Lexington Legends : RHP Ben Garrett
|
|
Batting: RHB Ryan Salas
|
0-0: Ball 1-0: SOLO HOME RUN (Line Drive, 78XD, EV 111.9 MPH), Distance : 423 ft
|
|
Batting: RHB Jordan Williams
|
0-0: Called Strike 0-1: Foul Ball, location: 2F 0-2: Strikes out swinging
|
|
Batting: RHB Kieron Clark
|
0-0: Fly out, F9 (Flyball, 9, EV 90.6 MPH)
|
|
Batting: RHB Bobby Dunn
|
0-0: Swinging Strike 0-1: Ball 1-1: Hit by Pitch
|
|
Batting: SHB Salvador Gomez
|
0-0: Called Strike 0-1: Ground out 1-3 (Groundball, 34S, EV 71.9 MPH)
|
| Top of the 9th over - 1 run, 1 hit, 0 errors, 1 left on base; Quad Cities 19 - Lexington 2 |
| BOTTOM OF THE 9TH |
|
Lexington Legends batting - Pitching for Quad Cities River Bandits : RHP Robin Yelland
|
|
Batting: RHB Eric Erickson
|
0-0: Foul Ball, location: 2F 0-1: Ball 1-1: Fly out, F3 (Popup, 3F, EV 66.2 MPH)
|
|
Batting: RHB Doug Carter
|
0-0: Called Strike 0-1: Ball 1-1: Ball 2-1: Fly out, F9 (Flyball, 9, EV 96.2 MPH)
|
|
Batting: SHB Ryoji Hiraoka
|
0-0: Ball 1-0: Swinging Strike 1-1: Swinging Strike 1-2: Strikes out swinging
|
| Bottom of the 9th over - 0 runs, 0 hits, 0 errors, 0 left on base; Quad Cities 19 - Lexington 2 |
|